 Dungeon Crawl Stone Soup version 0.30-a0-1043-g60ff8d5f49 (webtiles) character file.

Game seed: 11172551577495815703

31 Maxmaps the Ducker (level 3, 0/29 HPs)
             Began as a Demonspawn Monk on Apr 10, 2023.
             Slain by an adder (4 damage)
             ... on level 2 of the Dungeon.
             The game lasted 00:01:45 (1061 turns).

Maxmaps the Ducker (Demonspawn Monk)                Turns: 1061, Time: 00:01:45

Health: 0/29       AC:  3    Str: 11    XL:     3   Next: 7%
Magic:  3/3        EV: 12    Int: 13    God:
Gold:   67         SH:  0    Dex: 15    Spells: 2/2 levels left

rFire   . . .      SeeInvis .      - Unarmed
rCold   . . .      Faith    .    (no shield)
rNeg    . . .      Spirit   .    c - +0 leather armour
rPois   .          Reflect  .    (helmet restricted)
rElec   .          Rampage  .    (no cloak)
rCorr   .                        (no gloves)
Will    .....                    (no boots)
Stlth   ++                       (no amulet)
HPRegen 0.24/turn                (no ring)
MPRegen 0.08/turn                (no ring)

@: lethally poisoned (0 -> -9), attractive, flying, hasted, very quick
A: antennae 1
a: no special abilities


You were on level 2 of the Dungeon.
You visited 1 branch of the dungeon, and saw 2 of its levels.

You collected 67 gold pieces.

Inventory:

Armour
 c - a +0 leather armour (worn)
Scrolls
 a - a scroll of poison {unknown}
 e - 2 scrolls of vulnerability {unknown}
 f - a scroll of noise {unknown}
 g - a scroll of identify {unknown}
 i - a scroll of blinking {unknown}
 k - a scroll of fog {unknown}
 m - a scroll of teleportation {unknown}
Potions
 b - a potion of ambrosia
 l - a potion of berserk rage {unknown}
 n - a potion of curing {unknown}
 o - a potion of invisibility {unknown}


   Skills:
 - Level 3.0 Fighting
 + Level 3.3 Dodging
 - Level 1.7 Stealth
 - Level 3.2 Unarmed Combat


You had 2 spell levels left.
You didn't know any spells.
Your spell library contained the following spells:

 Spells                   Type           Power      Damage    Failure   Level
 Freeze                   Ice            0%         1d3       38%         1
 Lesser Beckoning         Tloc           0%         N/A       52%         2
 Dispersal                Tloc           0%         N/A       100%        6
 Polar Vortex             Ice            0%         N/A       100%        9


Dungeon Overview and Level Annotations

Branches:
Dungeon (2/15)

Altars:


Innate Abilities, Weirdness & Mutations

You have a pair of small antennae on your head.


Message History

You feel clever. x2
You barely miss the adder.
You feel sick. The adder bites you but does no damage. The adder bites you.
You are more poisoned.
The adder poisons you!
You are too injured to fight recklessly!
You are too injured to fight recklessly!
You are too injured to fight recklessly!
You are too injured to fight recklessly!
You are too injured to fight recklessly!
You are too injured to fight recklessly!
You are too injured to fight recklessly!
You are too injured to fight recklessly!
You are too injured to fight recklessly!
You are too injured to fight recklessly!
You are too injured to fight recklessly!
You are too injured to fight recklessly!
You are too injured to fight recklessly!
You are too injured to fight recklessly!
You are too injured to fight recklessly!
You are too injured to fight recklessly!
You are too injured to fight recklessly!
You are too injured to fight recklessly!
It was a potion of flight.
You feel very buoyant.
You fly up into the air.
You feel very sick. The adder bites you.
* * * LOW HITPOINT WARNING * * *
You are lethally poisoned!
The adder poisons you!
It was a potion of haste.
You feel yourself speed up.
* * * LOW HITPOINT WARNING * * *
You feel very sick. The adder barely misses you.
It was a potion of attraction.
You feel attractive to monsters.
* * * LOW HITPOINT WARNING * * *
You feel sick. The adder bites you.
You die...

##(..##...####.#.###.#
#......#.####.#.....#
###.##.....##.......#
#...#..#.....####.# #####
###.#.....##..##..# .....#
##....#..###.#...# ......#
#...#.##.# #...#.#
.......###†.....#.# #.>.#.#
.......ggS@##...#.###.#..[#
.......g######............#
.......## #........#...#
....... #.#...†#....<#
....... # #.<....#...#
....... #...##...##..#
....... #.## #....#..#
....... ... #..#....# ###
....##..#


You could see an adder, 2 hobgoblins and a goblin.

Vanquished Creatures
  An adder (D:2)
  2 bats (D:1)
  6 endoplasms (D:1)
  A giant cockroach (D:2)
  2 goblins (D:1)
  2 hobgoblins (D:1)
  A frilled lizard (D:2)
  A kobold (D:1)
  3 rats (D:1)
19 creatures vanquished.

Notes
Turn   | Place    | Note
-------+----------+-------------------------------------------
     0 | D:1      | Maxmaps the Demonspawn Monk began the quest for the Orb.
     0 | D:1      | Reached XP level 1. HP: 18/18 MP: 1/1
   319 | D:1      | Gained mutation: You have a pair of small antennae on your
                  | head. [demonic ancestry]
   319 | D:1      | Reached XP level 2. HP: 24/24 MP: 2/2
   442 | D:1      | Got the Commentary on Movement and Hail
  1058 | D:2      | Reached XP level 3. HP: 16/29 MP: 3/3
  1061 | D:2      | Slain by an adder

Illustrated notes

Levels and vault maps discovered:
D:1:      dpeg_arrival_long_road, layout_loops_ring
D:2:      minmay_razor_zed, layout_rooms

Skill      XL: |  1  2 |
---------------+-------+-----
Unarmed Combat | 3 |  3.2
Dodging        | 3 |  3.3
Fighting       | |  3.0
Stealth        | |  1.7

Action                     || total
---------------------------++-------
  Melee: Unarmed           ||    69
         Punch             ||     1
    Use: Potion            ||     3
   Stab: Sleeping          ||     4
 Armour: Robe              ||    10
         Leather armour    ||     6
  Dodge: Dodged            ||    36

Table legend: (Time is in decaauts)
 A = Elapsed time spent in this place.
 B = Non-inter-level travel time spent in this place.
 C = Inter-level travel time spent in this place.
 D = Time resting spent in this place.
 E = Time spent auto-exploring this place.
 F = Levels seen in this place.
 G = Mean time per level.
                   A        B        C        D        E       F      G
               +--------+--------+--------+--------+--------+-----+--------+
         Total |   1057 |   1009 |     48 |      0 |    826 |   2 |  528.5 |
       Dungeon |   1057 |   1009 |     48 |      0 |    826 |   2 |  528.5 |
               +--------+--------+--------+--------+--------+-----+--------+

Top non-repeatable levels by time:
     D:1: 945 daAuts
     D:2: 111 daAuts
